 Dungeon Crawl Stone Soup version 0.30-a0-591-g3c58d2bc28 (webtiles) character file.

Game seed: 10517444967278721668

217 Newt the Trooper (level 5, -4/63 HPs)
             Began as a Demonspawn Gladiator on Jan 5, 2023.
             Slain by Duvessa
             ... wielding a +0 short sword
              (5 damage)
             ... on level 4 of the Dungeon.
             The game lasted 00:03:10 (2861 turns).

Newt the Trooper (Demonspawn Gladiator)             Turns: 2861, Time: 00:03:11

Health: -4/63      AC:  6    Str: 14    XL:     5   Next: 61%
Magic:  8/8        EV: 17    Int: 12    God:
Gold:   144        SH:  0    Dex: 14    Spells: 7/8 levels left

rFire   . . .      SeeInvis .    s - +9 club
rCold   . . .      Faith    .    (no shield)
rNeg    . . .      Spirit   .    b - +0 leather armour
rPois   .          Reflect  .    c - +0 helmet
rElec   .          Harm     .    (no cloak)
rCorr   .          Rampage  .    (no gloves)
Will    .....                    (no boots) Stlth
                                 (no amulet)
HPRegen 0.30/turn                p - +5 ring of evasion
MPRegen 0.11/turn                (no ring)

@: berserking, very quick
A: molten scales 1, demonic magic 1, weakness stinger 1
a: no special abilities


You were on level 4 of the Dungeon.
You visited 1 branch of the dungeon, and saw 4 of its levels.

You collected 144 gold pieces.

Inventory:

Hand Weapons
 a - a +0 rapier
 s - a +9 club (weapon)
Missiles
 d - 2 throwing nets
 e - 3 javelins
 j - 4 poisoned darts
Armour
 b - a +0 leather armour (worn)
 c - a +0 helmet (worn)
Jewellery
 p - a +5 ring of evasion (left hand)
Scrolls
 h - 5 scrolls of immolation
 l - a scroll of fear {unknown}
 m - 3 scrolls of identify {unknown}
 r - a scroll of enchant armour {unknown}
 u - a scroll of teleportation {unknown}
Potions
 f - 2 potions of curing
 g - a potion of magic {unknown}
 i - 2 potions of flight {unknown}
 k - a potion of degeneration {unknown}
 n - a potion of attraction {unknown}
 o - 2 potions of berserk rage
 q - a potion of lignification {unknown}
 t - a potion of invisibility {unknown}


   Skills:
 - Level 4.0 Fighting
 - Level 2.6 Short Blades
 - Level 1.7 Throwing
 - Level 2.6 Dodging
 - Level 2.0 Stealth
 + Level 2.1 Spellcasting
 + Level 2.3 Conjurations


You had 7 spell levels left.
You knew the following spells:

 Your Spells              Type           Power      Damage    Failure   Level
a - Magic Dart            Conj           24%        1d4       13%         1

Your spell library contained the following spells:

 Spells                   Type           Power      Damage    Failure   Level
 Shock                    Conj/Air       16%        1d4       22%         1
 Necrotise                Necr           4%         1d4       34%         1
 Call Imp                 Summ           1%         N/A       45%         2
 Mephitic Cloud           Conj/Pois/Air  3%         N/A       58%         3
 Kindle Blastsparks       Fire/Tloc/Air  2%         2d10      71%         3
 Swiftness                Air            1%         N/A       71%         3
 Vampiric Draining        Necr           1%         2d6       71%         3
 Airstrike                Air            0%         2d(1-17)  98%         4
 Ice Form                 Ice/Tmut       1%         N/A       98%         4
 Agony                    Necr           1%         N/A       100%        5


Dungeon Overview and Level Annotations

Branches:
Dungeon (4/15)
 Temple: D:4-7

Altars:
Qazlal

Annotations:
D:4 Dowan, Duvessa


Innate Abilities, Weirdness & Mutations

You are partially covered in molten scales. (AC +2)
Spells you cast may paralyse adjacent enemies.
You have a small tail.


Message History

The magic dart hits you.
* * * LOW HITPOINT WARNING * * *
The giant cockroach barely misses you. Duvessa barely misses you.
In your confused state, you trip and fall back down the stairs.
* * * LOW HITPOINT WARNING * * *
Something closely misses you. Duvessa completely misses you.
The giant cockroach closely misses you.
Unknown command.
It was a potion of curing.
You feel better. The giant cockroach barely misses you. Something hits you.
* * * LOW HITPOINT WARNING * * *
Duvessa closely misses you.
Okay, then.
Okay, then.
It was a potion of berserk rage.
A red film seems to cover your vision as you go berserk!
You feel yourself moving faster!
You feel mighty! The giant cockroach misses you. Something hits you.
* * * LOW HITPOINT WARNING * * *
Duvessa completely misses you.
Dowan throws and catches a handful of magical flame, then smirks.
Dowan barely misses you. The giant cockroach misses you.
Unknown command.
You sock Duvessa!
Duvessa is severely wounded.
Duvessa closely misses you. Something hits you.
* * * LOW HITPOINT WARNING * * *
Dowan completely misses you. The giant cockroach barely misses you.
Duvessa closely misses you.
Unknown command.
You closely miss Dowan. You tail-slap Dowan.
Dowan is moderately wounded.
Something hits you but does no damage. Dowan hits you with a +0 dagger.
* * * LOW HITPOINT WARNING * * *
Duvessa hits you but does no damage. The giant cockroach closely misses you.
Unknown command.
Sorry, you're not good enough to have a special ability.
Unknown command.
You barely miss something. Duvessa hits you with a +0 short sword.
You die...

##### ##...## #.....#
#.....# #.....#
###############..####
#.....B@e...###..##.##
#.....#{e............#
#.....)..............#
#.....#..............#
#....$#..............#
#....####....##...######
#....# #'#####...####..
....... #.....#.........
.........
#.....#.........


You could see Duvessa (fast), Dowan and a giant cockroach.

Vanquished Creatures
  An ogre (D:4)
  Jessica (D:3)
  4 adders
  2 worms
  2 dart slugs
  5 orcs (D:4)
  5 ball pythons
  7 endoplasms
  2 giant cockroaches (D:2)
  4 goblins
  3 hobgoblins
  A quokka (D:3)
  3 bats
  A frilled lizard (D:2)
  4 kobolds
  7 rats
52 creatures vanquished.

Notes
Turn   | Place    | Note
-------+----------+-------------------------------------------
     0 | D:1      | Newt the Demonspawn Gladiator began the quest for the Orb.
     0 | D:1      | Reached XP level 1. HP: 16/16 MP: 1/1
   134 | D:1      | Reached skill level 1 in Stealth
   220 | D:1      | Gained mutation: Spells you cast may paralyse adjacent
                  | enemies. [demonic ancestry]
   220 | D:1      | Reached XP level 2. HP: 21/22 MP: 2/2
   689 | D:1      | Learned a level 1 spell: Magic Dart
   694 | D:1      | Found a faded altar of an unknown god.
  1022 | D:2      | Gained mutation: You have a small tail. [demonic ancestry]
  1022 | D:2      | Reached XP level 3. HP: 28/28 MP: 3/3
  1326 | D:2      | Reached skill level 3 in Fighting
  1547 | D:2      | Gained mutation: You are partially covered in molten
                  | scales. (AC +2) [demonic ancestry]
  1547 | D:2      | Reached XP level 4. HP: 37/37 MP: 2/4
  1613 | D:2      | Got Sif Muna's Essays on the Atmosphere and Cryomancy
  1800 | D:3      | Found a stormy altar of Qazlal.
  1916 | D:3      | Noticed Jessica
  1923 | D:3      | Killed Jessica
  1924 | D:3      | Reached skill level 4 in Fighting
  2521 | D:4      | Reached skill level 1 in Spellcasting
  2521 | D:4      | Reached skill level 1 in Conjurations
  2538 | D:4      | Noticed an ogre
  2555 | D:4      | Killed an ogre
  2556 | D:4      | Reached XP level 5. HP: 10/42 MP: 0/8
  2830 | D:4      | Noticed Duvessa
  2832 | D:4      | Noticed Dowan
  2855 | D:4      | HP: 2/42 [something/magic dart (4)]
  2860 | D:4      | HP: 1/63 [Dowan/+0 dagger (3)]
  2861 | D:4      | Slain by Duvessa

Illustrated notes

Levels and vault maps discovered:
D:1:      elethiomel_arrival_fortress_basement, layout_rooms,
          ebering_ecumenical_altar_rust
D:2:      layout_basic
D:3:      layout_loops_ring, nicolae_qazlal_scattered_showers,
          mainiacjoe_overflow_surrounded_room, kennysheep_doodads, uniq_jessica
D:4:      layout_gridville, lemuel_round_altar, uniq_duvessa

Skill      XL: |  1  2  3  4 |
---------------+-------------+-----
Stealth        | 1 2 |  2.0
Fighting       | 3 4 |  4.0
Spellcasting   | 2 |  2.1
Conjurations   | 2 |  2.3
Short Blades   | |  2.6
Throwing       | |  1.7
Dodging        | |  2.6

Action                   |  1- 3 |  4- 6 || total
-------------------------+-------+-------++-------
Melee: Rapier            |   122 |    17 ||   139
       Punch             |     1 |       ||     1
       Tailslap          |     3 |     5 ||     8
       Club              |       |    32 ||    32
Throw: Throwing net      |     1 |     1 ||     2
       Javelin           |     1 |       ||     1
 Cast: Magic Dart        |     3 |     7 ||    10
  Use: Scroll            |     2 |       ||     2
       Potion            |       |     2 ||     2
 Stab: Sleeping          |     4 |       ||     4
       Held in net/web   |     1 |       ||     1
       Paralysed         |     1 |     6 ||     7
Armor: Leather armour    |    36 |    12 ||    48
Dodge: Dodged            |    93 |    50 ||   143

Table legend: (Time is in decaauts)
 A = Elapsed time spent in this place.
 B = Non-inter-level travel time spent in this place.
 C = Inter-level travel time spent in this place.
 D = Time resting spent in this place.
 E = Time spent auto-exploring this place.
 F = Levels seen in this place.
 G = Mean time per level.
                   A        B        C        D        E       F      G
               +--------+--------+--------+--------+--------+-----+--------+
         Total |   2877 |   2817 |     60 |    669 |   1682 |   4 |  719.2 |
       Dungeon |   2877 |   2817 |     60 |    669 |   1682 |   4 |  719.2 |
               +--------+--------+--------+--------+--------+-----+--------+

Top non-repeatable levels by time:
     D:1: 1002 daAuts
     D:3: 765 daAuts
     D:2: 756 daAuts
     D:4: 353 daAuts
